 Dungeon Crawl Stone Soup version 0.31.0-11-ge490571c62 (webtiles) character file.

Game seed: 6488504749274484122

72 qw the Shooter (level 4, -1/25 HPs)
             Began as a Deep Elf Hunter on Feb 3, 2024.
             Slain by Sigmund
             ... wielding a +0 scythe
              (11 damage)
             ... on level 3 of the Dungeon.
             The game lasted 00:00:33 (1700 turns).

qw the Shooter (Deep Elf Hunter)                    Turns: 1700, Time: 00:00:34

Health: -1/25      AC:  5    Str: 14    XL:     4   Next: 6%
Magic:  6/6        EV: 12    Int: 14    God:
Gold:   55         SH:  0    Dex: 20    Spells: 3/3 levels left

rFire   . . .        a - +0 shortbow
rCold   + . .        (shield currently unavailable)
rNeg    . . .        k - +2 leather armour {rC+}
rPois   .            (no helmet)
rElec   .            (no cloak)
rCorr   .            (no gloves)
SInv    .            (no boots)
Will    .....        (no amulet)
Stlth   +            i - +6 ring of strength
HPRegen 0.24/turn    (no ring)
MPRegen 0.10/turn

%: no passive effects
@: confused
A: no striking features
a: no special abilities


You were on level 3 of the Dungeon.
You visited 1 branch of the dungeon, and saw 3 of its levels.

You collected 55 gold pieces.


   Skills:
 - Level 1.5 Fighting
 + Level 7.5 Ranged Weapons
 - Level 2.4 Dodging
 - Level 1.2 Stealth


You had 3 spell levels left.
You didn't know any spells.
Your spell library was empty.

Inventory:

Hand Weapons
 a - a +0 shortbow (weapon)
Armour
 g - a +0 ring mail
 k - a +2 leather armour of cold resistance (worn)
Jewellery
 i - a +6 ring of strength (left hand)
Potions
 h - a potion of enlightenment {unknown}

Dungeon Overview and Level Annotations

Branches:
Dungeon (3/15)

Altars:
Qazlal

Annotations:
D:3 Sigmund


Message History

1687 ||| RETREEEEATING.
Enter note:
Enter note:
1688 ||| RETREEEEATING.
Sigmund attacks as he pursues you! Sigmund closely misses you.
Enter note:
Enter note:
1689 ||| RETREEEEATING.
You shoot an arrow. The arrow closely misses Sigmund.
Sigmund misses you.
You shoot an arrow.
The arrow hits Sigmund but does no damage.
Sigmund is lightly wounded.
Sigmund misses you.
You shoot an arrow. The arrow barely misses Sigmund.
You shoot an arrow. The arrow closely misses Sigmund.
Sigmund mumbles some strange words.
Sigmund flickers and vanishes!
Deactivating autopickup; reactivate with Ctrl-A.
The orc priest miscasts a cantrip.
You shoot an arrow. The arrow hits the orc priest.
The orc priest is heavily wounded.
Something hits you.
You shoot an arrow. The arrow hits the orc priest.
The orc priest is heavily wounded.
The orc priest mumbles some strange prayers to Beogh against you.
Pain shoots through your body!
You hear some strange, mumbled words.
You are confused.
The orc priest looks encouraged for a moment.
Something hits you!
1697 ||| DRINKING potion of heal wounds.
You feel much better. The orc priest completely misses you.
The orc barely misses you. Something hits you.
The orc priest hits you with a +0 mace. The orc hits you with a +0 mace.
The orc priest hits you with a +0 mace. Something hits you.
The orc hits you with a +0 mace. The orc priest barely misses you.
The orc misses you. Something hits you!
You die...

..# ##...#.#
.............#.#
................
...............
#...#.#.#...# #...........#
#.##.......#...#.### #.
#.#......o.{...[....
###.####........@o....#.###
.......#.#..#...#.#.....#
.......#.#..#...#.#...#....
.......#.#..#...#.#...# ...
.......#.#..#...#.#...#. ..
.......#.#............... .
................#.#...#.#
.....<)..#.####.......#.#
#.#.....................


You could see an orc priest and an orc.

Vanquished Creatures
  An iguana (D:2)
  A ribbon worm (D:2)
  An orc (D:3)
  5 bats
  4 endoplasms
  2 giant cockroaches
  2 goblins (D:2)
  4 hobgoblins
  6 kobolds (D:1)
  6 ball pythons
  A frilled lizard (D:1)
  7 rats
40 creatures vanquished.

Notes
Turn   | Place    | Note
-------+----------+-------------------------------------------
     0 | D:1      | qw the Deep Elf Hunter began the quest for the Orb.
     0 | D:1      | Reached XP level 1. HP: 12/12 MP: 3/3
     0 | D:1      | 0 ||| qw: Version: 0.3-a-155-g5e7d8dd
     0 | D:1      | 0 ||| qw: Game counter: 3359
     0 | D:1      | 0 ||| qw: Melee chars always use a shield: true
     0 | D:1      | 0 ||| qw: God list: Okawaru
     0 | D:1      | 0 ||| qw: Allow faded altars: false
     0 | D:1      | 0 ||| qw: Do Orc after clearing Dungeon:15 true
     0 | D:1      | 0 ||| qw: Do second Lair branch before Depths: true
     0 | D:1      | 0 ||| qw: Lair rune preference: random
     0 | D:1      | 0 ||| qw: Goals: Normal
     0 | D:1      | 0 ||| PLANNING D:1-11
    87 | D:1      | Reached XP level 2. HP: 16/16 MP: 4/4
    93 | D:1      | Reached skill level 6 in Ranged Weapons
   775 | D:1      | 775 ||| UPGRADING to +0 ring mail.
   785 | D:1      | 785 ||| DROPPING +0 leather armour.
   786 | D:1      | 786 ||| UPGRADING to +2 leather armour of cold resistance.
   796 | D:1      | 796 ||| UPGRADING to +6 ring of strength.
   797 | D:1      | 797 ||| READING 4 scrolls labelled ALIL WASHOA.
   797 | D:1      | 797 ||| IDENTIFYING murky sapphire potion
   798 | D:1      | 798 ||| READING 3 scrolls of identify.
   798 | D:1      | 798 ||| IDENTIFYING fizzy red potion
   799 | D:1      | 799 ||| READING 2 scrolls of identify.
   799 | D:1      | 799 ||| IDENTIFYING smoky purple potion
   800 | D:1      | 800 ||| READING scroll of identify.
   800 | D:1      | 800 ||| IDENTIFYING scroll labelled CEGAYH LAEHOMP
   801 | D:1      | 801 ||| READING scroll labelled PIT DIPEQA CAE.
   804 | D:1      | 804 ||| DROPPING scroll of butterflies.
   805 | D:1      | 805 ||| DROPPING scroll of revelation.
   806 | D:1      | 806 ||| DROPPING potion of degeneration.
   807 | D:1      | 807 ||| DROPPING potion of ambrosia.
   878 | D:2      | Reached XP level 3. HP: 20/20 MP: 5/5
  1252 | D:2      | Reached skill level 7 in Ranged Weapons
  1370 | D:2      | Found a stormy altar of Qazlal.
  1454 | D:2      | 1454 ||| DROPPING amulet of magic regeneration.
  1455 | D:2      | 1455 ||| READING scroll of identify.
  1455 | D:2      | 1455 ||| IDENTIFYING viscous yellow potion
  1456 | D:2      | 1456 ||| READING scroll labelled MIBOFELL ESEM.
  1457 | D:2      | 1457 ||| READING scroll labelled QEGERA TOIFE.
  1458 | D:2      | 1458 ||| READING scroll labelled GEWYSI YWKU.
  1460 | D:2      | 1460 ||| Stepping ~*~*~tactically~*~*~ (cloud).
  1466 | D:2      | HP: 5/20 [poisoned by you (poison gas)]
  1580 | D:3      | 1580 ||| STAIRDANCE
  1586 | D:2      | Reached XP level 4. HP: 8/25 MP: 6/6
  1676 | D:3      | Noticed Sigmund
  1677 | D:3      | 1677 ||| DRINKING potion of curing.
  1677 | D:3      | 1677 ||| (to cure confusion)
  1687 | D:3      | 1687 ||| RETREEEEATING.
  1688 | D:3      | 1688 ||| RETREEEEATING.
  1689 | D:3      | 1689 ||| RETREEEEATING.
  1696 | D:3      | HP: 1/25 [something (7)]
  1697 | D:3      | 1697 ||| DRINKING potion of heal wounds.
  1700 | D:3      | Slain by Sigmund

Levels and vault maps discovered:
D:1:      minmay_arrival_pointy, layout_basic, minivault_23
D:2:      layout_basic, basic_altar
D:3:      layout_basic, nicolae_hepliaklqana_hazy_memory, uniq_sigmund,
          uniq_jessica

Skill      XL: |  1  2  3 |
---------------+----------+-----
Ranged Weapons | 6 7 |  7.5
Fighting       | |  1.5
Dodging        | |  2.4
Stealth        | |  1.2

Action                     |  1- 3 |  4- 6 || total
---------------------------+-------+-------++-------
   Fire: Shortbow          |    93 |    16 ||   109
    Use: Scroll            |     9 |       ||     9
         Potion            |       |     2 ||     2
 Armour: Leather armour    |    14 |    10 ||    24
  Dodge: Dodged            |     9 |    11 ||    20

Table legend:
 A = Non-vault XP
 B = Vault XP
 C = Vault XP percentage of total XP
 D = Non-vault monster count
 E = Vault monster count
 F = Vault count percentage of total count
                 A         B        C        D         E       F
            +---------+---------+-------+---------+---------+-------
      Total |     103 |       0 |   0.0 |      40 |       0 |   0.0
            +---------+---------+-------+---------+---------+-------
        D:1 |      38 |       0 |   0.0 |      26 |       0 |   0.0
        D:2 |      62 |       0 |   0.0 |      13 |       0 |   0.0
        D:3 |       3 |       0 |   0.0 |       1 |       0 |   0.0
            +---------+---------+-------+---------+---------+-------
